 Dungeon Crawl Stone Soup version 0.22-a0-515-g75794bf (webtiles) character file.

97 Gildeon the Skirmisher (level 4, -2/40 HPs)
             Began as a Minotaur Fighter on June 19, 2018.
             Slain by Natasha (8 damage)
             ... on level 2 of the Dungeon.
             The game lasted 00:04:36 (1169 turns).

Gildeon the Skirmisher (Minotaur Fighter)           Turns: 1169, Time: 00:04:37

Health: -2/40      AC:  7    Str: 21    XL:     4   Next: 42%
Magic:  4/4        EV: 10    Int:  5    God:
Gold:   49         SH:  0    Dex: 10    Spells: 4/4 levels left

rFire    . . .     SeeInvis .   a - +0 war axe
rCold    . . .     Gourm    .   (no shield)
rNeg     . . .     Faith    .   b - +0 scale mail
rPois    .         Spirit   .   (helmet restricted)
rElec    .         Reflect  .   (no cloak)
rCorr    .         Harm     .   (no gloves)
MR       +....                  (no boots)
Stlth    ..........             (no amulet)
HPRegen  0.13/turn              j - ring of protection from magic
MPRegen  0.09/turn              (no ring)

@: lethally poisoned (-2 -> -7)
A: retaliatory headbutt, horns 2
a: no special abilities


You were on level 2 of the Dungeon.
You were not hungry.

You visited 1 branch of the dungeon, and saw 2 of its levels.

You collected 49 gold pieces.

Inventory:

Hand Weapons
 a - a +0 war axe (weapon)
Armour
 b - a +0 scale mail (worn)
 c - a +1 robe of magic resistance
Jewellery
 j - a ring of protection from magic (left hand)
Scrolls
 l - a scroll of remove curse
Potions
 e - a potion of curing {unknown}
 g - a potion of mutation {unknown}
 i - a potion of haste {unknown}
 k - a potion of degeneration {unknown}
Comestibles
 f - 8 rations
 h - 6 chunks of flesh


   Skills:
 + Level 4.2 Fighting
 * Level 3.8 Axes
 + Level 4.2 Armour
 + Level 1.5 Dodging
   Level 3.6 Shields
 + Level 0.8 Spellcasting


You had 4 spell levels left.
You didn't know any spells.
Your spell library was empty.

Dungeon Overview and Level Annotations

Branches:
Dungeon (2/15)

Altars:

Annotations:
D:2 Natasha


Innate Abilities, Weirdness & Mutations

You reflexively headbutt those who attack you in melee.
You have a pair of horns on your head.


Message History

You closely miss the adder. Your headbutt misses the adder.
The adder is almost dead.
You feel sick. The adder bites you but does no damage.
Natasha, Servant of Life and Death comes into view.
The adder barely misses you.
Natasha hisses angrily.
You slash the adder!
You kill the adder!
You feel sick.
You feel sick.
You feel sick.
Natasha zaps a wand.
The puff of flame hits you!
* * * LOW HITPOINT WARNING * * *
It is a wand of flame (12).
Natasha claws you but does no damage.
You closely miss Natasha. Your headbutt misses Natasha.
* * * LOW HITPOINT WARNING * * *
You feel sick.
Natasha growls.
Natasha claws you!
You die...

### #.. #.# #.#
#.#######
##########..@h...#
...........[.>##.#
..(.............(..
#######.#####.#.###
..............#...
#########.###########
....(..)..........#
#########.#######.#
#####)# #.#


You could see Natasha.

Vanquished Creatures
  Natasha (D:2)
  A hound zombie (D:2)
  2 adders (D:2)
  An ooze (D:2)
  2 worms (D:2)
  4 bats (D:1)
  2 giant cockroaches (D:1)
  3 goblins
  7 hobgoblins
  2 frilled lizards
  A giant cockroach zombie (D:2)
  2 kobolds
  A leopard gecko skeleton (D:2)
  A quokka skeleton (D:2)
  3 rats
  A withered plant (D:2)
34 creatures vanquished.

Notes
Turn   | Place    | Note
-------+----------+-------------------------------------------
     0 | D:1      | Gildeon the Minotaur Fighter began the quest for the Orb.
     0 | D:1      | Reached XP level 1. HP: 19/19 MP: 0/0
   267 | D:1      | Reached XP level 2. HP: 27/27 MP: 1/1
   917 | D:2      | Reached XP level 3. HP: 32/33 MP: 2/2
   933 | D:2      | Reached skill level 1 in Dodging
  1065 | D:2      | Noticed Natasha
  1071 | D:2      | Killed Natasha
  1071 | D:2      | Reached XP level 4. HP: 23/40 MP: 2/4
  1164 | D:2      | Noticed Natasha
  1169 | D:2      | Slain by Natasha

Vault maps used:
D:1:      kennysheep_arrival_seaside
D:2:      serial_undead, serial_undead_d, serial_undead_b, serial_undead_a,
          serial_undead_c, uniq_natasha

Skill      XL: |  1  2  3 |
---------------+----------+-----
Axes           | 3 |  3.8
Fighting       | 4 |  4.2
Dodging        | 1 |  1.5
Armour         | 4 |  4.2
Shields        | |  3.6
Spellcasting   | |  0.8

Action                   |  1- 3 |  4- 6 || total
-------------------------+-------+-------++-------
Melee: War axe           |    82 |     9 ||    91
       Headbutt          |    10 |     2 ||    12
  Use: Scroll            |     3 |       ||     3
       Potion            |     1 |       ||     1
  Eat: Chunk             |     1 |       ||     1
Armor: Scale mail        |    48 |     6 ||    54
Dodge: Dodged            |    40 |     3 ||    43

Table legend:
 A = Spawn XP
 B = Non-spawn XP
 C = Spawn XP percentage of total XP
 D = Spawn monster count
 E = Non-spawn monster count
 F = Spawn count percentage of total count
 G = Total turns spent on level
                    A         B        C        D         E        F      G
               +---------+---------+-------+---------+---------+-------+---------
         Total |       0 |     139 |   0.0 |       0 |      33 |   0.0 |  1169
               +---------+---------+-------+---------+---------+-------+---------
           D:1 |       0 |      25 |   0.0 |       0 |      15 |   0.0 |   807
           D:2 |       0 |     114 |   0.0 |       0 |      18 |   0.0 |   362
               +---------+---------+-------+---------+---------+-------+---------
